 Seeded DCSS version 0.30.1-11-g7821555f0a (webtiles) character file.

Game seed: 8617203140785432855 (custom seed)

2 Psyclone the Conjurer (level 1, 10/10 HPs)
             Began as a Deep Elf Conjurer on Nov 2, 2023.
             Quit the game on level 2 of the Dungeon.
             The game lasted 00:01:31 (165 turns).

Psyclone the Conjurer (Deep Elf Conjurer)            Turns: 165, Time: 00:01:32

Health: 10/10      AC:  2    Str:  4    XL:     1   Next: 33%
Magic:  6/6        EV: 12    Int: 22    God:
Gold:   24         SH:  0    Dex: 13    Spells: 5/6 levels left

rFire   . . .        (no weapon)
rCold   . . .        (no shield)
rNeg    . . .        a - +0 robe
rPois   .            (no helmet)
rElec   .            (no cloak)
rCorr   .            (no gloves)
SInv    .            (no boots)
Will    .....        (no amulet)
Stlth   ++           (no ring)
HPRegen 0.21/turn    (no ring)
MPRegen 0.10/turn

%: no passive effects
@: no status effects
A: no striking features
a: no special abilities


You were on level 2 of the Dungeon.
You visited 1 branch of the dungeon, and saw 2 of its levels.

You collected 24 gold pieces.

Inventory:

Armour
 a - a +0 robe (worn)
Potions
 b - a potion of magic
 c - a potion of curing {unknown}
 d - a potion of heal wounds {unknown}


   Skills:
 - Level 2.4 Dodging
 - Level 2.4 Stealth
 - Level 3.0 Spellcasting
 + Level 4.5 Conjurations


You had 5 spell levels left.
You knew the following spells:

 Your Spells              Type           Power      Damage    Failure   Level
a - Magic Dart            Conj           92%        1d7       1%          1

Your spell library contained the following spells:

 Spells                   Type           Power      Damage    Failure   Level
 Searing Ray              Conj           46%        2d6       3%          2
 Dazzling Flash           Conj/Hex       26%        N/A       14%         3
 Fulminant Prism          Conj/Hex       6%         3d6       43%         4
 Iskenderun's Mystic Bla  Conj/Tloc      13%        2d5       43%         4


Dungeon Overview and Level Annotations

Branches:
Dungeon (2/15) Zot: 11835

Altars:


Message History

Casting: Magic Dart (safe; 1% risk of failure)
Confirm with . or Enter, or press ? or * to list all spells.
Aiming: Magic Dart (safe; 1% risk of failure)
Press: ? - help, Shift-Dir - straight line, f/p - hobgoblin
Aim: a hobgoblin (almost dead, 100% to hit)
The magic dart hits the hobgoblin.
You kill the hobgoblin!
You now have 3/6 mp.
Casting: Magic Dart (safe; 1% risk of failure)
Confirm with . or Enter, or press ? or * to list all spells.
Aiming: Magic Dart (safe; 1% risk of failure)
Press: ? - help, Shift-Dir - straight line, f - rat
Aim: a rat (100% to hit)
The magic dart hits the rat.
You kill the rat!
You now have 2/6 mp.
Casting: Magic Dart (safe; 1% risk of failure)
Confirm with . or Enter, or press ? or * to list all spells.
You can't see any susceptible monsters within range! (Use Z to cast anyway.) Unknown command.
Casting: Magic Dart (safe; 1% risk of failure)
Confirm with . or Enter, or press ? or * to list all spells.
You can't see any susceptible monsters within range! (Use Z to cast anyway.) Unknown command.
You see here a hobgoblin corpse.
You now have 24 gold pieces (gained 9).
d - an orange potion
There is an open door here.
You see here a rat corpse.
You open the door.
Found a faded altar of an unknown god.
There is an open door here.
You open the door.
There is an open door here.
You start resting.
Magic restored.
MP restored: 6 Unknown command.
Unknown command.
Are you sure you want to abandon this character and quit the game? (Confirm with "yes".)

######....#.###....#.#
#........#....#.#
###>....#+#..#.#.#####
#....................#
#..#'#####...#.#.###.#
#..#.....#...#.#.# .#
#..#8###.#.......# .#
#..#P.P#.#...#.### .#
#.##.#.#@#..†#.# .# ##
P.#.'P#...#.# .#
_.#######.#.# .# .S##
#.###.#.#
.#####..##.#.#
#...#.....#.#
#..#.#....# #
#.........#
##+#.#..#.##.#.#


There were no monsters in sight!

Vanquished Creatures
  A hobgoblin (D:2)
  A ball python (D:2)
  A rat (D:2)
3 creatures vanquished.

Notes
Turn   | Place    | Note
-------+----------+-------------------------------------------
     0 | D:1      | Psyclone the Deep Elf Conjurer began the quest for the Orb.
     0 | D:1      | Reached XP level 1. HP: 10/10 MP: 6/6
   146 | D:2      | Found a faded altar of an unknown god.
   165 | D:2      | Quit the game

Illustrated notes

Levels and vault maps discovered:
D:1:      dpeg_arrival_stonehenge_12_columns, layout_basic, serial_shops, shop
D:2:      layout_basic, shapermc_ecumenical_altar_ellora, minivault_25,
          uniq_robin, uniq_terence, uniq_jessica

Action                     || total
---------------------------++-------
   Cast: Magic Dart        ||     5
